Workbook

Sheet Read Me
B10: File: | C10: DSOs_as_Output_v2.xlsx
B11: Version: | C11: 2

Sheet Method 1
B2: Method 1 | D2: Month 1 | E2: Month 2 | F2: Month 3 | G2: Month 4 | H2: Month 5 | I2: Month 6 | J2: Month 7 | K2: Month 8 | L2: Month 9 | M2: Month 10 | N2: Month 11 | O2: Month 12 | P2: Month 13 | Q2: Month 14 | R2: Month 15 | S2: Month 16 | T2: Month 17 | U2: Month 18 | V2: Month 19 | W2: Month 20 | X2: Month 21 | Y2: Month 22 | Z2: Month 23 | AA2: Month 24
B4: Income Statement
B6: Revenue | D6: 1000000 | E6: 2000000 | F6: 3000000 | G6: 4000000 | H6: 3000000 | I6: 2000000 | J6: 2000000 | K6: 3000000 | L6: 4000000 | M6: 6000000 | N6: 8000000 | O6: 7000000 | P6: 3000000 | Q6: 4000000 | R6: 5000000 | S6: 5000000 | T6: 4000000 | U6: 3000000 | V6: 4000000 | W6: 5000000 | X6: 6000000 | Y6: 8000000 | Z6: 10000000 | AA6: 9000000
B9: Balance Sheet Assumptions
B11: Days Receivable | D11: 90 | E11: 90 | F11: 90 | G11: 90 | H11: 90 | I11: 90 | J11: 90 | K11: 90 | L11: 90 | M11: 90 | N11: 90 | O11: 90 | P11: 90 | Q11: 90 | R11: 90 | S11: 90 | T11: 90 | U11: 90 | V11: 90 | W11: 90 | X11: 90 | Y11: 90 | Z11: 90 | AA11: 90
B12: Starting A/R Balance | D12: 0
B14: Balance Sheet
B16: Accounts Receivable | D16: =D12+D6*12/(365/D11) -> 2958904.1 | E16: =E6*12/(365/E11) -> 5917808.2 | F16: =F6*12/(365/F11) -> 8876712.3 | G16: =G6*12/(365/G11) -> 11835616 | H16: =H6*12/(365/H11) -> 8876712.3 | I16: =I6*12/(365/I11) -> 5917808.2 | J16: =J6*12/(365/J11) -> 5917808.2 | K16: =K6*12/(365/K11) -> 8876712.3 | L16: =L6*12/(365/L11) -> 11835616 | ... AA16: =AA6*12/(365/AA11) -> 26630137
B19: DSO Calculation - Monthly | D19: =D16/D6*(365/12) -> 90 | E19: =E16/E6*(365/12) -> 90 | F19: =F16/F6*(365/12) -> 90 | G19: =G16/G6*(365/12) -> 90 | H19: =H16/H6*(365/12) -> 90 | I19: =I16/I6*(365/12) -> 90 | J19: =J16/J6*(365/12) -> 90 | K19: =K16/K6*(365/12) -> 90 | ... AA19: =AA16/AA6*(365/12) -> 90
B22: Cash Flow
B24: Operating Activities
B25: (Increase)/Decrease in Receivables | E25: =E16-D16 -> 2958904.1 | F25: =F16-E16 -> 2958904.1 | G25: =G16-F16 -> 2958904.1 | H25: =H16-G16 -> -2958904.1 | I25: =I16-H16 -> -2958904.1 | J25: =J16-I16 -> 0 | K25: =K16-J16 -> 2958904.1 | L25: =L16-K16 -> 2958904.1 | ... AA25: =AA16-Z16 -> -2958904.1

Sheet Method 2
B2: Method 2 | D2: Month 1 | E2: Month 2 | F2: Month 3 | G2: Month 4 | H2: Month 5 | I2: Month 6 | J2: Month 7 | K2: Month 8 | L2: Month 9 | M2: Month 10 | N2: Month 11 | O2: Month 12 | P2: Month 13 | Q2: Month 14 | R2: Month 15 | S2: Month 16 | T2: Month 17 | U2: Month 18 | V2: Month 19 | W2: Month 20 | X2: Month 21 | Y2: Month 22 | Z2: Month 23 | AA2: Month 24
B4: Income Statement
B6: Revenue | D6: ='Method 1'!D6 -> 1000000 | E6: ='Method 1'!E6 -> 2000000 | F6: ='Method 1'!F6 -> 3000000 | G6: ='Method 1'!G6 -> 4000000 | H6: ='Method 1'!H6 -> 3000000 | I6: ='Method 1'!I6 -> 2000000 | J6: ='Method 1'!J6 -> 2000000 | K6: ='Method 1'!K6 -> 3000000 | ... AA6: ='Method 1'!AA6 -> 9000000
B9: Balance Sheet Assumptions
B11: Days Receivable | D11: 90 | E11: 90 | F11: 90
B12: Starting A/R Balance | D12: =D6*12/(365/D11) -> 2958904.1 | E12: =E6*12/(365/E11) -> 5917808.2 | F12: =F6*12/(365/F11) -> 8876712.3
B14: Receivable Assumptions | C14: % Received
B15: 30 days | C15: 0 | E15: =D$6*$C$15 -> 0 | F15: =E$6*$C$15 -> 0 | G15: =F$6*$C$15 -> 0 | H15: =G$6*$C$15 -> 0 | I15: =H$6*$C$15 -> 0 | J15: =I$6*$C$15 -> 0 | K15: =J$6*$C$15 -> 0 | L15: =K$6*$C$15 -> 0 | ... AA15: =Z$6*$C$15 -> 0
B16: 60 days | C16: 0.25 | F16: =D$6*$C$16 -> 250000 | G16: =E$6*$C$16 -> 500000 | H16: =F$6*$C$16 -> 750000 | I16: =G$6*$C$16 -> 1000000 | J16: =H$6*$C$16 -> 750000 | K16: =I$6*$C$16 -> 500000 | L16: =J$6*$C$16 -> 500000 | M16: =K$6*$C$16 -> 750000 | ... AA16: =Y$6*$C$16 -> 2000000
B17: 90 days | C17: 0.5 | G17: =D$6*$C$17 -> 500000 | H17: =E$6*$C$17 -> 1000000 | I17: =F$6*$C$17 -> 1500000 | J17: =G$6*$C$17 -> 2000000 | K17: =H$6*$C$17 -> 1500000 | L17: =I$6*$C$17 -> 1000000 | M17: =J$6*$C$17 -> 1000000 | N17: =K$6*$C$17 -> 1500000 | ... AA17: =X$6*$C$17 -> 3000000
B18: 120 days | C18: 0.25 | H18: =D$6*$C$18 -> 250000 | I18: =E$6*$C$18 -> 500000 | J18: =F$6*$C$18 -> 750000 | K18: =G$6*$C$18 -> 1000000 | L18: =H$6*$C$18 -> 750000 | M18: =I$6*$C$18 -> 500000 | N18: =J$6*$C$18 -> 500000 | O18: =K$6*$C$18 -> 750000 | ... AA18: =W$6*$C$18 -> 1250000
B19: 150 days | C19: 0 | I19: =D$6*$C$19 -> 0 | J19: =E$6*$C$19 -> 0 | K19: =F$6*$C$19 -> 0 | L19: =G$6*$C$19 -> 0 | M19: =H$6*$C$19 -> 0 | N19: =I$6*$C$19 -> 0 | O19: =J$6*$C$19 -> 0 | P19: =K$6*$C$19 -> 0 | ... AA19: =V$6*$C$19 -> 0
B20: Change in A/R | C20: =SUM(C15:C19) -> 1 | D20: =D6-SUM(D15:D19) -> 1000000 | E20: =E6-SUM(E15:E19) -> 2000000 | F20: =F6-SUM(F15:F19) -> 2750000 | G20: =G6-SUM(G15:G19) -> 3000000 | H20: =H6-SUM(H15:H19) -> 1000000 | I20: =I6-SUM(I15:I19) -> -1000000 | J20: =J6-SUM(J15:J19) -> -1500000 | K20: =K6-SUM(K15:K19) -> 0 | ... AA20: =AA6-SUM(AA15:AA19) -> 2750000
B25: Balance Sheet
B27: Accounts Receivable | D27: =D12 -> 2958904.1 | E27: =E12 -> 5917808.2 | F27: =F12 -> 8876712.3 | G27: =F27+G20 -> 11876712 | H27: =G27+H20 -> 12876712 | I27: =H27+I20 -> 11876712 | J27: =I27+J20 -> 10376712 | K27: =J27+K20 -> 10376712 | L27: =K27+L20 -> 12126712 | M27: =L27+M20 -> 15876712 | N27: =M27+N20 -> 20876712 | ... AA27: =Z27+AA20 -> 29626712
B30: DSO Calculation - Monthly | D30: =D27/D6*(365/12) -> 90 | E30: =E27/E6*(365/12) -> 90 | F30: =F27/F6*(365/12) -> 90 | G30: =G27/G6*(365/12) -> 90.3125 | H30: =H27/H6*(365/12) -> 130.55556 | I30: =I27/I6*(365/12) -> 180.625 | J30: =J27/J6*(365/12) -> 157.8125 | K30: =K27/K6*(365/12) -> 105.20833 | ... AA30: =AA27/AA6*(365/12) -> 100.12731
B33: Cash Flow
B35: Operating Activities
B36: (Increase)/Decrease in Receivables | E36: =E27-D27 -> 2958904.1 | F36: =F27-E27 -> 2958904.1 | G36: =G27-F27 -> 3000000 | H36: =H27-G27 -> 1000000 | I36: =I27-H27 -> -1000000 | J36: =J27-I27 -> -1500000 | K36: =K27-J27 -> 0 | L36: =L27-K27 -> 1750000 | ... AA36: =AA27-Z27 -> 2750000

Sheet Comparison
B2: Comparison | C2: Month 1 | D2: Month 2 | E2: Month 3 | F2: Month 4 | G2: Month 5 | H2: Month 6 | I2: Month 7 | J2: Month 8 | K2: Month 9 | L2: Month 10 | M2: Month 11 | N2: Month 12 | O2: Month 13 | P2: Month 14 | Q2: Month 15 | R2: Month 16 | S2: Month 17 | T2: Month 18 | U2: Month 19 | V2: Month 20 | W2: Month 21 | X2: Month 22 | Y2: Month 23 | Z2: Month 24
B4: Method 1
B6: Revenue | C6: ='Method 1'!D6 -> 1000000 | D6: ='Method 1'!E6 -> 2000000 | E6: ='Method 1'!F6 -> 3000000 | F6: ='Method 1'!G6 -> 4000000 | G6: ='Method 1'!H6 -> 3000000 | H6: ='Method 1'!I6 -> 2000000 | I6: ='Method 1'!J6 -> 2000000 | J6: ='Method 1'!K6 -> 3000000 | ... Z6: ='Method 1'!AA6 -> 9000000
B7: A/R | C7: ='Method 1'!D16 -> 2958904.1 | D7: ='Method 1'!E16 -> 5917808.2 | E7: ='Method 1'!F16 -> 8876712.3 | F7: ='Method 1'!G16 -> 11835616 | G7: ='Method 1'!H16 -> 8876712.3 | H7: ='Method 1'!I16 -> 5917808.2 | I7: ='Method 1'!J16 -> 5917808.2 | J7: ='Method 1'!K16 -> 8876712.3 | ... Z7: ='Method 1'!AA16 -> 26630137
B8: Change in A/R | D8: =D7-C7 -> 2958904.1 | E8: =E7-D7 -> 2958904.1 | F8: =F7-E7 -> 2958904.1 | G8: =G7-F7 -> -2958904.1 | H8: =H7-G7 -> -2958904.1 | I8: =I7-H7 -> 0 | J8: =J7-I7 -> 2958904.1 | K8: =K7-J7 -> 2958904.1 | ... Z8: =Z7-Y7 -> -2958904.1
B10: DSO - Monthly | C10: =C7/(C6/(365/12)) -> 90 | D10: =D7/(D6/(365/12)) -> 90 | E10: =E7/(E6/(365/12)) -> 90 | F10: =F7/(F6/(365/12)) -> 90 | G10: =G7/(G6/(365/12)) -> 90 | H10: =H7/(H6/(365/12)) -> 90 | I10: =I7/(I6/(365/12)) -> 90 | J10: =J7/(J6/(365/12)) -> 90 | ... Z10: =Z7/(Z6/(365/12)) -> 90
B11: DSO - Trailing 3 Mo. | E11: =E7/(SUM(C6:E6)/(365/4)) -> 135 | F11: =F7/(SUM(D6:F6)/(365/4)) -> 120 | G11: =G7/(SUM(E6:G6)/(365/4)) -> 81 | H11: =H7/(SUM(F6:H6)/(365/4)) -> 60 | I11: =I7/(SUM(G6:I6)/(365/4)) -> 77.142857 | J11: =J7/(SUM(H6:J6)/(365/4)) -> 115.71429 | K11: =K7/(SUM(I6:K6)/(365/4)) -> 120 | L11: =L7/(SUM(J6:L6)/(365/4)) -> 124.61538 | ... Z11: =Z7/(SUM(X6:Z6)/(365/4)) -> 90
B12: DSO - Annual | N12: =N7/(SUM(C6:N6)/365) -> 168 | Z12: =Z7/(SUM(O6:Z6)/365) -> 147.27273
B16: Method 2
B18: Revenue | C18: ='Method 2'!D6 -> 1000000 | D18: ='Method 2'!E6 -> 2000000 | E18: ='Method 2'!F6 -> 3000000 | F18: ='Method 2'!G6 -> 4000000 | G18: ='Method 2'!H6 -> 3000000 | H18: ='Method 2'!I6 -> 2000000 | I18: ='Method 2'!J6 -> 2000000 | J18: ='Method 2'!K6 -> 3000000 | ... Z18: ='Method 2'!AA6 -> 9000000
B19: A/R | C19: ='Method 2'!D27 -> 2958904.1 | D19: ='Method 2'!E27 -> 5917808.2 | E19: ='Method 2'!F27 -> 8876712.3 | F19: ='Method 2'!G27 -> 11876712 | G19: ='Method 2'!H27 -> 12876712 | H19: ='Method 2'!I27 -> 11876712 | I19: ='Method 2'!J27 -> 10376712 | J19: ='Method 2'!K27 -> 10376712 | ... Z19: ='Method 2'!AA27 -> 29626712
B20: Change in A/R | D20: =D19-C19 -> 2958904.1 | E20: =E19-D19 -> 2958904.1 | F20: =F19-E19 -> 3000000 | G20: =G19-F19 -> 1000000 | H20: =H19-G19 -> -1000000 | I20: =I19-H19 -> -1500000 | J20: =J19-I19 -> 0 | K20: =K19-J19 -> 1750000 | ... Z20: =Z19-Y19 -> 2750000
B22: DSO - Monthly | C22: =C19/(C18/(365/12)) -> 90 | D22: =D19/(D18/(365/12)) -> 90 | E22: =E19/(E18/(365/12)) -> 90 | F22: =F19/(F18/(365/12)) -> 90.3125 | G22: =G19/(G18/(365/12)) -> 130.55556 | H22: =H19/(H18/(365/12)) -> 180.625 | I22: =I19/(I18/(365/12)) -> 157.8125 | J22: =J19/(J18/(365/12)) -> 105.20833 | ... Z22: =Z19/(Z18/(365/12)) -> 100.12731
B23: DSO - Trailing 3 Mo. | E23: =E19/(SUM(C18:E18)/(365/4)) -> 135 | F23: =F19/(SUM(D18:F18)/(365/4)) -> 120.41667 | G23: =G19/(SUM(E18:G18)/(365/4)) -> 117.5 | H23: =H19/(SUM(F18:H18)/(365/4)) -> 120.41667 | I23: =I19/(SUM(G18:I18)/(365/4)) -> 135.26786 | J23: =J19/(SUM(H18:J18)/(365/4)) -> 135.26786 | K23: =K19/(SUM(I18:K18)/(365/4)) -> 122.95139 | L23: =L19/(SUM(J18:L18)/(365/4)) -> 111.44231 | ... Z23: =Z19/(SUM(X18:Z18)/(365/4)) -> 100.12731
B24: DSO - Annual | N24: =N19/(SUM(C18:N18)/365) -> 191.63889 | Z24: =Z19/(SUM(O18:Z18)/365) -> 163.8447
B26: check | C26: =C6-C18 -> 0 | D26: =D6-D18 -> 0 | E26: =E6-E18 -> 0 | F26: =F6-F18 -> 0 | G26: =G6-G18 -> 0 | H26: =H6-H18 -> 0 | I26: =I6-I18 -> 0 | J26: =J6-J18 -> 0 | ... Z26: =Z6-Z18 -> 0
B28: Variance
B29: A/R (Variance) | C29: =C7-C19 -> 0 | D29: =D7-D19 -> 0 | E29: =E7-E19 -> 0 | F29: =F7-F19 -> -41095.89 | G29: =G7-G19 -> -4000000 | H29: =H7-H19 -> -5958904.1 | I29: =I7-I19 -> -4458904.1 | J29: =J7-J19 -> -1500000 | ... Z29: =Z7-Z19 -> -2996575.3

Sheet Revenue
B2: Revenue Summary
C3: Q1 | D3: Q2 | E3: Q3 | F3: Q4 | G3: Year 1
B4: Revenue (Year 1) | C4: =SUM('Method 1'!D6:F6) -> 6000000 | D4: =SUM('Method 1'!G6:I6) -> 9000000 | E4: =SUM('Method 1'!J6:L6) -> 9000000 | F4: =SUM('Method 1'!M6:O6) -> 21000000 | G4: =SUM(C4:F4) -> 45000000
C5: =C4/$G$4 -> 0.13333333 | D5: =D4/$G$4 -> 0.2 | E5: =E4/$G$4 -> 0.2 | F5: =F4/$G$4 -> 0.46666667
C7: Q1 | D7: Q2 | E7: Q3 | F7: Q4 | G7: Year 2
B8: Revenue (Year 2) | C8: =SUM('Method 1'!P6:R6) -> 12000000 | D8: =SUM('Method 1'!S6:U6) -> 12000000 | E8: =SUM('Method 1'!V6:X6) -> 15000000 | F8: =SUM('Method 1'!Y6:AA6) -> 27000000 | G8: =SUM(C8:F8) -> 66000000
C9: =C8/$G$8 -> 0.18181818 | D9: =D8/$G$8 -> 0.18181818 | E9: =E8/$G$8 -> 0.22727273 | F9: =F8/$G$8 -> 0.40909091
